AoeStats
← 沒起房子我日

Pilgrims

509536566Analyzed
4v4 RM · 5d ago on Sep 27, 2026· 20m 57s· 8 players
Game mode
Random Map
Map size
Large (8 player)
Population
200
Speed
Normal
Resources
Standard
Victory
Conquest
Starting age
Dark Age
Ending age
Imperial Age
RankedLock teamsTeams togetherTeam positionsShared explorationLock speedFull tech treeHidden civsTurbo modeCheats
Victory
Defeat
🇲🇽 Dravidians · Mexico
1552
+12
🇨🇳 Wei · China
1545
+13
🇹🇼 Armenians · Taiwan
1518
+14
🇨🇱 Huns · Chile
1475
+16
🇲🇽 Muisca · Mexico
1521
-16
1473
-14
🇲🇽 Persians · Mexico
1453
-13
🇨🇴 Bengalis · Colombia
1433
-12
SimmaHem7912
10:53 Feudal Age
11:30 Loom
14:42 Castle Age
12:32 Double-Bit Axe
12:50 Fishing Lines
14:16 Gold Mining
16:19 Gillnets
18:05 Wheelbarrow
17:44 Medium Warships
20:27 Horse Collar
沒起房子我日
7:55 Loom
12:47 Feudal Age
12:48 Man-at-Arms
13:20 Double-Bit Axe
14:51 Long Swordsman
20:48 Scale Mail Armor
20:37 Arson
我是你巴巴
10:10 Loom
12:17 Feudal Age
14:12 Stone Mining
16:23 Castle Age
14:29 Double-Bit Axe
16:00 Town Watch
[CL] ßitokø × 1876
7:21 Loom
9:21 Feudal Age
15:59 Castle Age
16:55 Medium Warships
17:40 Medium Warships
17:13 Fishing Lines
17:20 Double-Bit Axe
17:15 Horse Collar
18:14 Forging
21:39 Wheelbarrow
ELEG | Huitzilopochtli
6:59 Loom
10:00 Feudal Age
12:32 Fletching
20:02 Castle Age
20:53 Medium Warships
20:39 Bodkin Arrow
ELEG | Lucho
5:44 Loom
5:58 Loom
10:04 Feudal Age
10:32 Double-Bit Axe
11:00 Town Watch
12:32 Forging
19:19 Castle Age
18:56 Wheelbarrow
LicKawamas97
3:39 Loom
19:41 Feudal Age
20:13 Double-Bit Axe
赤いドラゴン
6:59 Loom
10:01 Feudal Age
11:31 Double-Bit Axe
12:18 Fletching
20:43 Castle Age
Connection lost

Rejoining the realm…

Still unreachable

The connection could not be restored.

Session expired

The server has moved on; the page needs a fresh start.